 Dungeon Crawl Stone Soup version 0.24.0-123-gd5b16e6ec5 (webtiles) character file.

Game seed: 15332443500495675231, levelgen mode: deterministic

10364 Elellon the Basher (level 11, -4/68 HPs)
             Began as a Gargoyle Fighter on Jan 21, 2020.
             Was a High Priest of Okawaru.
             Slain by a sun demon (18 damage)
             ... summoned by a kobold demonologist
             ... on level 12 of the Dungeon.
             The game lasted 00:25:36 (13715 turns).

Elellon the Basher (Gargoyle Fighter)              Turns: 13715, Time: 00:25:36

Health: -4/68      AC: 24    Str: 24    XL:     11   Next: 61%
Magic:  10/11      EV: 12    Int:  8    God:    Okawaru [*****.]
Gold:   554        SH: 14    Dex:  9    Spells: 10/10 levels left

rFire    . . .     SeeInvis .   k - +0 morningstar
rCold    . . .     Gourm    +   c - +1 shield
rNeg     + . .     Faith    .   H - +4 scale mail
rPois    ∞         Spirit   .   (no helmet)
rElec    +         Reflect  .   K - +0 cloak
rCorr    .         Harm     .   l - +0 pair of gloves
MR       .....                  (no boots)
Stlth    +.........             g - amulet of the gourmand
HPRegen  0.21/turn              (no ring)
MPRegen  0.12/turn              (no ring)

@: heroism
A: negative energy resistance 1, electricity resistance, unbreathing,
petrification resistance, rot immunity, AC +8
a: Heroism, Finesse, Renounce Religion


You were on level 12 of the Dungeon.
You worshipped Okawaru.
Okawaru was extremely pleased with you.
You were completely stuffed.

You visited 2 branches of the dungeon, and saw 13 of its levels.
You also visited: Sewer and Ossuary.

You collected 554 gold pieces.

Inventory:

Hand Weapons
 k - a +0 morningstar (weapon)
Armour
 c - a +1 shield (worn)
 l - a +0 pair of gloves (worn)
 H - a +4 scale mail (worn)
 K - a +0 cloak (worn)
 N - +0 fire dragon scales
Jewellery
 g - an amulet of the gourmand (around neck)
 i - an uncursed ring of protection from fire
 t - an uncursed ring of protection from cold
Wands
 q - a wand of flame (21)
 r - a wand of iceblast (3)
 w - a wand of disintegration (26)
 y - a wand of acid (12)
 I - a wand of polymorph (18)
 M - a wand of random effects (19)
Scrolls
 a - a scroll of fog
 b - 2 scrolls of magic mapping
 e - 8 scrolls of remove curse
 h - 3 scrolls of enchant armour
 m - 3 scrolls of blinking
 n - 2 scrolls of amnesia
 p - a scroll of teleportation
 s - 3 scrolls of identify
 v - 3 scrolls of immolation {unknown}
Potions
 d - a potion of might
 j - a potion of resistance {unknown}
 o - 3 potions of berserk rage
 x - 2 potions of heal wounds
 z - 3 potions of ambrosia {unknown}
 A - 4 potions of lignification
 B - 2 potions of invisibility
 C - a potion of agility {unknown}
 D - a potion of flight
 F - 5 potions of curing
 G - a potion of mutation {unknown}
 J - a potion of cancellation {unknown}
Miscellaneous
 u - a lamp of fire
Comestibles
 f - 21 rations
 E - 13 chunks of flesh


   Skills:
 + Level 8.2(13.2) Fighting
 * Level 13.3(18.3) Maces & Flails
 + Level 8.2(13.2) Armour
 + Level 8.1(13.1) Shields


You had 10 spell levels left.
You didn't know any spells.
Your spell library was empty.

Dungeon Overview and Level Annotations

Branches:
Dungeon (12/15)            Temple (1/1) D:4            Lair (0/6) D:9
    Orc (0/2) D:9           Sewer (visited)         Ossuary (visited)

Altars:
Ashenzari
Cheibriados
Dithmenos
Elyvilon
Fedhas
Gozag
Hepliaklqana
Kikubaaqudgha
Makhleb
Nemelex Xobeh
Okawaru
Qazlal
Ru
Sif Muna
Trog
Uskayaw
Vehumet
Wu Jian
Xom
Yredelemnul
Zin
The Shining One
Beogh
Jiyva

Shops:
D:5 :   D:10 =

Annotations:
D:10 2 transporters, Ulophu's ghost, journeyman TrMo


Innate Abilities, Weirdness & Mutations

You are resistant to torment.
Your stone body is resilient. (AC +8)
You are immune to poison.
You resist negative energy. (rN+)
You are resistant to electric shocks. (rElec)
You can survive without breathing.
You are immune to petrification.
You are immune to rotting.


Message History

You closely miss the kobold demonologist.
The kobold demonologist is heavily wounded.
Something hits you but does no damage. The sun demon hits you.
You are engulfed in flames!
* * * LOW HITPOINT WARNING * * *
Something hits you but does no damage.
The chaos spawn gores you but does no damage.
The kobold demonologist gestures wildly while chanting.
You closely miss the kobold demonologist.
The kobold demonologist is heavily wounded.
Something hits you but does no damage. x2
The sun demon hits you but does no damage.
You block the kobold demonologist's attack.
The chaos spawn closely misses you.
You thump the kobold demonologist!
The kobold demonologist is almost dead.
Something hits you but does no damage. The sun demon hits you.
* * * LOW HITPOINT WARNING * * *
You are engulfed in flames!!
You die...

######..#......#..#
...
#....#..#......#.##
#....#..#......'.#
#....'..#......#.#
+....#..#.....##.#
#....#..#.....#..#
#....#..#######..#
######....5{K5...####
.........K3@4....!..
.########K###########
#.#..........
#.'..........
#.#.(........
#K#K.......^.
#K#.......##
#.###K##### #.. ..K


You could see a sun demon, a kobold demonologist, a chaos spawn, a crimson imp,
an ufetubus and 2 kobolds.

Vanquished Creatures
  A two-headed ogre (D:11)
  An unseen horror (D:10)
  An orc knight (D:11)
  A kobold demonologist (D:12)
  A komodo dragon (D:9)
  2 trolls
  Prince Ribbit (D:6)
  7 hippogriffs
  A wyvern (D:11)
  A spriggan (D:7)
  Eustachio (D:6)
  Menkaure (Ossuary)
  7 orc warriors
  2 sky beasts (D:8)
  2 ice beasts
  A phantom (D:7)
  5 centaurs
  8 ogres
  A crocodile (D:11)
  2 big kobolds
  14 bullfrogs
  A wyvern skeleton (D:8)
  3 scorpions
  3 killer bees
  6 wights
  4 howler monkeys
  5 crimson imps
  A bullfrog zombie (D:10)
  Crazy Yiuf (D:5)
  2 jellies
  10 orc priests
  12 orc wizards
  2 bullfrog skeletons
  A gnoll shaman (Temple)
  A hound (D:4)
  2 iguanas
  Ijyb (D:4)
  5 worker ants
  A killer bee zombie (D:5)
  A hound skeleton (D:4)
  3 mummies (Ossuary)
  A worker ant zombie (D:5)
  13 gnolls
  4 howler monkey skeletons
  16 adders
  A river rat (D:3)
  2 oozes
  An adder zombie (D:7)
  An adder skeleton (D:5)
  3 worms
  5 leopard geckos
  77 orcs
  10 giant cockroaches
  7 goblins
  8 hobgoblins
  8 jackals
  10 kobolds
  7 quokkas
  7 ball pythons
  8 bats
  9 frilled lizards
  6 gnoll skeletons (Ossuary)
  4 gnoll zombies (Ossuary)
  4 goblin skeletons (Ossuary)
  4 goblin zombies (Ossuary)
  4 hobgoblin skeletons (Ossuary)
  6 hobgoblin zombies (Ossuary)
  2 jackal skeletons
  4 kobold skeletons (Ossuary)
  3 kobold zombies (Ossuary)
  3 orc skeletons (Ossuary)
  3 orc zombies (Ossuary)
  A quokka zombie (D:5)
  5 rats
  3 rat skeletons (Ossuary)
  5 rat zombies (Ossuary)
381 creatures vanquished.

Vanquished Creatures (others)
  An orc skeleton (Ossuary)
  A plant (D:9)
2 creatures vanquished.

Grand Total: 383 creatures vanquished

Notes
Turn   | Place    | Note
-------+----------+-------------------------------------------
     0 | D:1      | Elellon the Gargoyle Fighter began the quest for the Orb.
     0 | D:1      | Reached XP level 1. HP: 14/14 MP: 1/1
    83 | D:1      | Found a shattered altar of Ashenzari.
    89 | D:1      | Reached XP level 2. HP: 18/19 MP: 2/2
   767 | D:2      | Reached skill level 3 in Maces & Flails
   822 | D:2      | Reached XP level 3. HP: 14/23 MP: 3/3
  1316 | D:2      | Reached skill level 4 in Maces & Flails
  1345 | D:2      | Reached XP level 4. HP: 28/28 MP: 4/4
  1647 | D:2      | Found a snail-covered altar of Cheibriados.
  1864 | D:2      | Found a bloodstained altar of Trog.
  1975 | D:3      | Found a stormy altar of Qazlal.
  2129 | D:3      | Reached skill level 5 in Maces & Flails
  2134 | D:3      | Reached XP level 5. HP: 30/32 MP: 5/5
  2205 | D:3      | Found a glowing drain.
  2242 | Sewer    | Entered a sewer
  2673 | Sewer    | Reached skill level 6 in Maces & Flails
  2673 | Sewer    | Reached XP level 6. HP: 20/37 MP: 6/6
  2833 | Sewer    | Got a bloodstained hunting sling
  2841 | D:3      | Identified the +10 hunting sling "Ycisopre" {venom, rElec
                  | MP-9 Int+7} (You found it in a sewer)
  3309 | D:4      | Noticed Ijyb
  3576 | D:4      | Killed Ijyb
  3592 | D:4      | Reached skill level 7 in Maces & Flails
  3603 | D:4      | Reached XP level 7. HP: 38/41 MP: 7/7
  4069 | D:4      | Found a staircase to the Ecumenical Temple.
  4081 | Temple   | Entered the Ecumenical Temple
  4390 | D:4      | Reached skill level 8 in Maces & Flails
  4500 | D:4      | Found a shadowy altar of Dithmenos.
  4543 | D:4      | Found a burning altar of Makhleb.
  4543 | D:4      | Noticed an Executioner
  4546 | D:4      | Noticed a neqoxec
  4546 | D:4      | Noticed a smoke demon
  4616 | D:5      | Entered Level 5 of the Dungeon
  4639 | D:5      | Found a sand-covered staircase.
  4667 | Ossuary  | Entered an ossuary
  5057 | Ossuary  | Noticed Menkaure
  5069 | Ossuary  | Killed Menkaure
  5070 | Ossuary  | Reached skill level 9 in Maces & Flails
  5070 | Ossuary  | Reached XP level 8. HP: 22/46 MP: 8/8
  5492 | D:5      | Reached skill level 10 in Maces & Flails
  5748 | D:5      | Found a glowing silver altar of Zin.
  5777 | D:5      | Found Buraeg's Book Boutique.
  5817 | D:5      | Found a runed translucent door.
  5818 | D:5      | Noticed Crazy Yiuf
  5857 | D:5      | Killed Crazy Yiuf
  6182 | D:6      | Found an iron altar of Okawaru.
  6193 | D:6      | Became a worshipper of Warmaster Okawaru
  6469 | D:6      | Noticed Prince Ribbit
  6520 | D:6      | Noticed Eustachio
  6526 | D:6      | Killed Eustachio
  6526 | D:6      | Reached XP level 9. HP: 48/52 MP: 9/9
  6568 | D:6      | Killed Prince Ribbit
  6568 | D:6      | Reached * piety under Okawaru
  7428 | D:7      | Reached skill level 11 in Maces & Flails
  7578 | D:7      | Reached skill level 5 in Fighting
  7606 | D:7      | Reached skill level 5 in Armour
  7606 | D:7      | Reached skill level 5 in Shields
  8260 | D:8      | Reached ** piety under Okawaru
  8390 | D:8      | Reached XP level 10. HP: 47/60 MP: 10/10
  8591 | D:8      | Found a shimmering blue altar of Sif Muna.
  8596 | D:8      | Found an opulent altar of Gozag.
  8596 | D:8      | Found a blossoming altar of Fedhas.
  8598 | D:8      | Found a white marble altar of Elyvilon.
  8598 | D:8      | Found a hazy altar of Hepliaklqana.
  8599 | D:8      | Found a sacrificial altar of Ru.
  8917 | D:8      | Noticed a +0 dagger
  8919 | D:8      | Found a hide-covered altar of Uskayaw.
  8919 | D:8      | Noticed a -1 hand axe
  9166 | D:9      | Reached *** piety under Okawaru
  9361 | D:9      | Reached skill level 12 in Maces & Flails
  9895 | D:9      | Found a roughly hewn altar of Beogh.
  9895 | D:9      | Found a staircase to the Orcish Mines.
 10121 | D:9      | Found a staircase to the Lair.
 10366 | D:10     | Entered Level 10 of the Dungeon
 10611 | D:10     | Found Ocegutam's Jewellery Emporium.
 10700 | D:10     | Found a transporter.
 10983 | D:10     | Found a transporter.
 10983 | D:10     | Noticed a moth of wrath
 11003 | D:10     | Noticed Ulophu's ghost (journeyman TrMo)
 11460 | D:10     | Killed an unseen horror
 11460 | D:10     | Reached **** piety under Okawaru
 11460 | D:10     | Reached XP level 11. HP: 51/67 MP: 11/11
 12176 | D:11     | Noticed an orc knight
 12998 | D:11     | Killed an orc knight
 12998 | D:11     | Reached skill level 13 in Maces & Flails
 13059 | D:11     | Noticed a two-headed ogre
 13071 | D:11     | Killed a two-headed ogre
 13692 | D:12     | Noticed a sun demon
 13707 | D:12     | Reached ***** piety under Okawaru
 13715 | D:12     | Slain by a sun demon

Levels and vault maps discovered:
D:1:      saegor_arrival_simple_c, layout_basic, dk_noncrumbling_3,
          ashenzari_altar_1
D:2:      layout_loops_corners, lemuel_coloured_pillars_altar,
          cheibriados_altar_1
D:3:      layout_loops_ring, first_ration, portal_sewer_entry_b,
          hangedman_decor_growths, nicolae_qazlal_general_emergency
D:4:      layout_rooms, overflow_temple_1_default, makhleb_altar_promises_db,
          minmay_temple_entry_wispy, minmay_cut_off, uniq_ijyb
D:5:      layout_gridville, kennysheep_mini_moat, serial_shops, shop,
          enter_ossuary_1, uniq_crazy_yiuf_cottage
D:6:      layout_loops_ring, overflow_temple_1_default, hangedman_glass_garden,
          uniq_eustachio, uniq_menkaure, uniq_prince_ribbit1
D:7:      layout_cave_pods, serial_glass, glass_columns_b, glass_columns_b,
          the_bakery
D:8:      layout_loops_ring, dancing_weapons_uskayaw, grunt_temple_overflow_open
D:9:      layout_rooms, david_lair_shrubbed, david_orc_5
D:10:     layout_cave_pools, gammafunk_ghost_berserking_beasts, serial_shops,
          nicolae_shop_trees
D:11:     layout_basic, special_room [special_room_orc]
D:12:     layout_irregular_city
Temple:   pf_slime_end_temple

Skill      XL: |  1  2  3  4  5  6  7  8  9 10 11 |
---------------+----------------------------------+-----
Maces & Flails | 3 4 5 6 7 9 10 11 12 13 | 13.3
Fighting       | 4 5 7 8 |  8.2
Armour         | 4 5 7 8 |  8.2
Shields        | 4 5 7 8 |  8.1

Action                   |  1- 3 |  4- 6 |  7- 9 | 10-12 || total
-------------------------+-------+-------+-------+-------++-------
Melee: Flail             |   140 |   276 |   615 |   316 ||  1347
       Morningstar       |       |       |       |   408 ||   408
Invok: Heroism           |       |       |       |     8 ||     8
  Use: Potion            |       |       |     2 |       ||     2
       Scroll            |       |       |       |    20 ||    20
  Eat: Chunk             |     2 |     7 |    17 |    28 ||    54
Armor: Scale mail        |    64 |    37 |   136 |   558 ||   795
       Plate armour      |       |   243 |   196 |       ||   439
Dodge: Dodged            |    50 |    67 |   134 |   232 ||   483
Block: Shield            |    81 |   184 |   276 |   483 ||  1024
